 Seeded DCSS version 0.30.1-9-gdf580d7c3d (webtiles) character file.

Game seed: 757638 (custom seed)

758 lonewolfV2 the Chopper (level 8, -12/61 HPs)
             Began as a Formicid Fighter on Sept 27, 2023.
             Mangled by an ogre
             ... wielding a +0 giant club
              (24 damage)
             ... on level 5 of the Dungeon.
             The game lasted 00:04:52 (4451 turns).

lonewolfV2 the Chopper (Formicid Fighter)           Turns: 4451, Time: 00:04:52

Health: -12/61     AC:  7    Str: 34    XL:     8   Next: 7%
Magic:  8/8        EV: 10    Int:  7    God:
Gold:   187        SH:  5    Dex: 15    Spells: 7/7 levels left

rFire   . . .        a - +0 war axe (heavy)
rCold   . . .        c - +0 buckler
rNeg    . . .        b - +0 scale mail
rPois   .            (helmet unavailable)
rElec   .            (no cloak)
rCorr   .            (no gloves)
SInv    +            (no boots)
Will    .....        (no amulet) Stlth
                     g - +6 ring of strength
HPRegen 0.30/turn    h - +6 ring of strength
MPRegen 0.11/turn

%: no passive effects
@: no status effects
A: permanent stasis, dig shafts and tunnels, antennae 3, four strong arms
a: Dig, Shaft Self


You were on level 5 of the Dungeon.
You visited 1 branch of the dungeon, and saw 5 of its levels.

You collected 187 gold pieces.

Inventory:

Hand Weapons
 a - a +0 heavy war axe (weapon)
Armour
 b - a +0 scale mail (worn)
 c - a +0 buckler (worn)
Jewellery
 g - a +6 ring of strength (left hand)
 h - a +6 ring of strength (right hand)
Wands
 l - a wand of flame (28)
Scrolls
 k - 2 scrolls of identify
Potions
 d - a potion of might
 e - 2 potions of mutation
 f - 2 potions of curing
 i - 2 potions of degeneration
 j - a potion of heal wounds


   Skills:
 + Level 4.4 Fighting
 + Level 6.1 Axes
 + Level 5.3 Armour
 + Level 1.4 Dodging
 + Level 1.1 Stealth
 + Level 5.4 Shields


You had 7 spell levels left.
You didn't know any spells.
Your spell library contained the following spells:

 Spells                   Type           Power      Damage    Failure   Level
 Beastly Appendage        Tmut           0%         N/A       67%         1
 Wereblood                Tmut           0%         N/A       82%         2
 Spider Form              Tmut/Pois      0%         N/A       96%         3


Dungeon Overview and Level Annotations

Branches:
Dungeon (5/15)
 Temple: D:4-7

Altars:
Kikubaaqudgha
Makhleb
Wu Jian
Xom


Innate Abilities, Weirdness & Mutations

You cannot be hasted, slowed, berserked, paralysed or teleported.
You can dig through walls and to a lower floor.
You have a pair of large antennae on your head. (SInv)
Your four strong arms can wield two-handed weapons with a shield.


Message History

You slash Grinder! The ufetubus completely misses you.
The ufetubus barely misses you.
The ufetubus hits you but does no damage.
The ufetubus closely misses you. Grinder hits you.
You writhe in agony.
The ufetubus hits you but does no damage.
You block the ufetubus's attack. Grinder hits you but does no damage.
You hit Grinder.
Grinder is heavily wounded.
You slash the ufetubus!
You kill the ufetubus!
Grinder closely misses you.
You slash Grinder!
Grinder is severely wounded.
Grinder closely misses you. Grinder barely misses you.
You closely miss Grinder.
Grinder is severely wounded.
Grinder hits you.
You writhe in agony.
Grinder completely misses you.
You barely miss Grinder.
Grinder is severely wounded.
Grinder blinks!
You slice Grinder!!
You kill Grinder!
Your Axes skill increases to level 6!
You have reached level 8!
You feel stronger.
An ogre comes into view. It is wielding a +0 giant club.
An ogre is nearby!
An ogre is nearby!
An ogre is nearby!
The ogre shouts!
Found 5 stones.
The ogre hits you with a +0 giant club!!
You slash the ogre!
The ogre is moderately wounded.
The ogre hits you with a +0 giant club!!
* * * LOW HITPOINT WARNING * * *
You slash the ogre!
The ogre is almost dead.
The ogre hits you with a +0 giant club!!
You die...

....#.. ###........# ##
#....
...........####.#.##....
............#......#####
##.................# #
#................ .##
#....!........># ....
##.....O...#..##...#
#......@......##..# ..
#.(.##............## ..
# ##............####.
#.........#.........
###...###.....(.....
##.##........###..
####......###....
#.........#.....
##..............


You could see an ogre.

Vanquished Creatures
  Grinder (D:5)
  The ghost of ringo67 the Shooter, an amateur KoHs (D:4)
  Blork the orc (D:4)
  An orc priest (D:4)
  A hound (D:4)
  A jelly (D:4)
  An iguana (D:4)
  An orc wizard (D:3)
  Natasha (twice) (D:3)
  3 gnolls (D:4)
  8 adders
  2 ufetubi (D:5)
  2 dart slugs
  20 orcs
  15 ball pythons
  10 endoplasms
  3 giant cockroaches
  12 goblins
  6 hobgoblins
  4 jackals (D:1)
  3 kobolds
  3 quokkas (D:1)
  10 bats
  3 frilled lizards
  12 rats
126 creatures vanquished.

Notes
Turn   | Place    | Note
-------+----------+-------------------------------------------
     0 | D:1      | lonewolfV2 the Formicid Fighter began the quest for the
                  | Orb.
     0 | D:1      | Reached XP level 1. HP: 18/18 MP: 1/1
    96 | D:1      | Reached XP level 2. HP: 24/24 MP: 2/2
   208 | D:1      | Reached XP level 3. HP: 20/29 MP: 3/3
   642 | D:1      | Found a faded altar of an unknown god.
   733 | D:2      | Reached XP level 4. HP: 37/37 MP: 4/4
  1112 | D:2      | Reached skill level 1 in Stealth
  1563 | D:3      | Reached skill level 3 in Axes
  1563 | D:3      | Reached XP level 5. HP: 36/42 MP: 5/5
  1625 | D:3      | Found a shimmering altar of Xom.
  1716 | D:3      | Reached skill level 1 in Dodging
  1877 | D:3      | Noticed Natasha
  1897 | D:3      | Killed Natasha
  2306 | D:3      | Found a burning altar of Makhleb.
  2538 | D:3      | Noticed Natasha
  2547 | D:3      | Killed Natasha
  2548 | D:3      | Reached XP level 6. HP: 41/48 MP: 6/6
  2603 | D:3      | Found an ancient bone altar of Kikubaaqudgha.
  2902 | D:4      | Reached skill level 4 in Axes
  2905 | D:4      | Reached skill level 5 in Shields
  3519 | D:4      | Noticed Blork the orc
  3531 | D:4      | Killed Blork the orc
  3532 | D:4      | Reached XP level 7. HP: 22/54 MP: 7/7
  3793 | D:4      | Reached skill level 5 in Armour
  4015 | D:4      | Found a runed translucent door.
  4022 | D:4      | Noticed ringo67's ghost (amateur KoHs)
  4034 | D:4      | Killed ringo67's ghost
  4035 | D:4      | Reached skill level 5 in Axes
  4151 | D:4      | Found an ornate altar of the Wu Jian Council.
  4270 | D:5      | Entered Level 5 of the Dungeon
  4399 | D:5      | Noticed Grinder
  4411 | D:5      | Killed Grinder
  4412 | D:5      | Reached skill level 6 in Axes
  4412 | D:5      | Reached XP level 8. HP: 44/61 MP: 8/8
  4451 | D:5      | Mangled by an ogre

Illustrated notes

Levels and vault maps discovered:
D:1:      dpeg_arrival_stonehenge_8_columns, layout_rooms,
          dilly_ecumenical_altar_fadedgnrine, minmay_misc_feat_more_columns,
          st_stairs_2, minmay_crystal_room, minivault_4
D:2:      layout_basic, chequers_serial_rivers_marsh
D:3:      layout_basic, mainiacjoe_overflow_surrounded_room, old_standard_altar,
          lemuel_crystal_altar, guppyfry_early_orc_mine, uniq_natasha
D:4:      layout_cave_pools, mainiacjoe_overflow_alcove_2,
          ebering_ghost_sewer_d, uniq_blork_the_orc
D:5:      layout_cave_pools, st_stairs_12, uniq_grinder

Skill      XL: |  1  2  3  4  5  6  7 |
---------------+----------------------+-----
Stealth        | 1 |  1.1
Axes           | 3 4 6 |  6.1
Armour         | 4 5 |  5.3
Dodging        | 1 |  1.4
Shields        | 5 |  5.4
Fighting       | 4 |  4.4

Action                     |  1- 3 |  4- 6 |  7- 9 || total
---------------------------+-------+-------+-------++-------
  Melee: War axe           |    84 |   189 |    45 ||   318
    Use: Scroll            |     3 |     2 |     2 ||     7
 Armour: Scale mail        |    88 |   104 |    25 ||   217
  Dodge: Dodged            |    76 |   112 |    30 ||   218
  Block: Buckler           |    55 |    60 |    16 ||   131
